 Dungeon Crawl Stone Soup version 0.31.0-11-ge490571c62 (webtiles) character file.

Game seed: 16641741282452607094

155196 Sobieck the Warrior (level 16, -7/159 HPs)
             Began as a Demigod Gladiator on Jan 31, 2024.
             Mangled by a radroach (19 damage)
             ... on level 2 of the Spider Nest.
             The game lasted 01:06:42 (30029 turns).

Sobieck the Warrior (Demigod Gladiator)            Turns: 30029, Time: 01:06:43

Health: -7/159     AC: 13    Str: 15      XL:     16   Next: 53%
Magic:  19/19      EV: 28    Int:  6      God:
Gold:   2311       SH: 35    Dex: 36 (37) Spells: 15/15 levels left

rFire   . . .        U - +0 scimitar of Rukeemargh {freeze, Dex+2}
rCold   . . .        j - +10 tower shield of Ignorance {rN+ Int-4}
rNeg    + . .        h - +0 troll leather armour
rPois   +            c - +0 helmet
rElec   .            W - +1 cloak {Will+}
rCorr   .            A - +2 pair of gloves {Stlth+}
SInv    .            C - +2 pair of boots {rampage}
Will    +++..        y - amulet of reflection
Stlth   +++          m - ring of willpower
HPRegen 1.26/turn    o - ring of poison resistance
MPRegen 0.16/turn

%: reflection, rampage
@: slightly contaminated, studying Unarmed Combat
A: high MP 1, forlorn, divine attributes
a: no special abilities


You were on level 2 of the Spider Nest.
You visited 4 branches of the dungeon, and saw 24 of its levels.
You also visited: Gauntlet.

You collected 3325 gold pieces.
You spent 1014 gold pieces at shops.

Inventory:

Hand Weapons
 l - a +2 falchion of flaming
 U - the +0 scimitar of Rukeemargh (weapon) {freeze, Dex+2}
   (You bought it in a shop on level 5 of the Dungeon)

   Dex+2:     It affects your dexterity (+2).
Missiles
 k - 12 poisoned darts
 t - 14 boomerangs (quivered)
 v - 7 javelins
 x - 10 silver javelins
 F - 4 curare-tipped darts
 Z - 5 throwing nets
Armour
 c - a +0 helmet (worn)
 h - a +0 troll leather armour (worn)
 j - the +10 tower shield of Ignorance (worn) {rN+ Int-4}
   (You found it on level 14 of the Dungeon)

   Int-4:     It affects your intelligence (-4).
   rN+:       It protects you from negative energy.
 A - a +2 pair of gloves of stealth (worn)
 C - a +2 pair of boots of rampaging (worn)
 W - a +1 cloak of willpower (worn)
Jewellery
 g - a ring of resist corrosion
 m - a ring of willpower (left hand)
 n - a ring of positive energy
 o - a ring of poison resistance (right hand)
 y - an amulet of reflection (around neck)
 E - a ring of flight
 I - a ring of ice
 P - a ring of fire
Wands
 a - a wand of acid (9)
 r - a wand of roots (47)
 B - a wand of mindburst (28)
 D - a wand of digging (12)
 V - a wand of flame (39)
 X - a wand of polymorph (5)
Scrolls
 b - 2 scrolls of blinking
 d - a scroll of brand weapon
 p - 2 scrolls of vulnerability
 s - 2 scrolls of fog
 u - a scroll of silence {!r}
 G - 4 scrolls of enchant weapon
 J - 3 scrolls of fear
 O - 5 scrolls of immolation
 T - 11 scrolls of teleportation
 Y - a scroll of poison
Potions
 e - 4 potions of resistance
 f - 4 potions of attraction
 i - 5 potions of lignification
 q - a potion of berserk rage
 w - 3 potions of brilliance
 z - a potion of magic {unknown}
 H - 2 potions of haste
 K - 6 potions of ambrosia
 L - 2 potions of heal wounds
 M - 4 potions of might
 N - 2 potions of mutation
 Q - 11 potions of curing
 R - 2 potions of enlightenment
 S - 2 potions of invisibility


   Skills:
 + Level 18.9 Fighting
 - Level 14.0 Long Blades
 - Level 1.7 Throwing
 - Level 6.0 Armour
 - Level 15.0 Dodging
 - Level 5.0 Shields


You had 15 spell levels left.
You didn't know any spells.
Your spell library contained the following spells:

 Spells                   Type           Power      Damage    Failure   Level
 Kiss of Death            Conj/Necr      0%         2d5       100%        1
 Sandblast                Erth           0%         2d4       100%        1
 Summon Small Mammal      Summ           0%         N/A       100%        1
 Lesser Beckoning         Tloc           0%         N/A       100%        2
 Mercury Vapours          Alch/Air       0%         N/A       100%        2
 Static Discharge         Conj/Air       0%         3-3/arc   100%        2
 Call Canine Familiar     Summ           0%         N/A       100%        3
 Confusing Touch          Hex            0%         N/A       100%        3
 Gell's Gravitas          Tloc           0%         N/A       100%        3
 Mephitic Cloud           Conj/Alch/Air  0%         N/A       100%        3
 Ozocubu's Armour         Ice            0%         N/A       100%        3
 Passwall                 Erth           0%         N/A       100%        3
 Sigil of Binding         Hex            0%         N/A       100%        3
 Stone Arrow              Conj/Erth      0%         3d7       100%        3
 Teleport Other           Tloc           0%         N/A       100%        3
 Airstrike                Air            0%         2d(0-16)  100%        4
 Anguish                  Hex/Necr       0%         N/A       100%        4
 Brom's Barrelling Bould  Conj/Erth      0%         2d3       100%        4
 Cause Fear               Hex            0%         N/A       100%        4
 Dimensional Bullseye     Hex/Tloc       0%         N/A       100%        4
 Dispel Undead            Necr           0%         3d6       100%        4
 Fulminant Prism          Conj/Alch      0%         3d5       100%        4
 Manifold Assault         Tloc           0%         N/A       100%        4
 Passage of Golubria      Tloc           0%         N/A       100%        4
 Summon Blazeheart Golem  Fire/Summ      0%         N/A       100%        4
 Summon Lightning Spire   Summ/Air       0%         N/A       100%        4
 Fireball                 Conj/Fire      0%         3d3       100%        5
 Freezing Cloud           Conj/Ice/Air   0%         6-21      100%        5
 Irradiate                Conj/Alch      0%         3d11      100%        5
 Iskenderun's Battlesphe  Conj           0%         2d6       100%        5
 Metabolic Englaciation   Hex/Ice        0%         N/A       100%        5
 Silence                  Hex/Air        0%         N/A       100%        5
 Conjure Ball Lightning   Conj/Air       0%         3x3d6     100%        6
 Dispersal                Tloc           0%         N/A       100%        6
 Sculpt Simulacrum        Ice/Alch       0%         N/A       100%        6
 Enfeeble                 Hex            0%         N/A       100%        7
 Orb of Destruction       Conj           0%         9d5       100%        7
 Disjunction              Tloc           0%         N/A       100%        8
 Lehudib's Crystal Spear  Conj/Erth      0%         10d2      100%        8


Dungeon Overview and Level Annotations

Branches:
Dungeon (15/15)            Temple (0/1) D:4            Lair (5/5) D:8
 Shoals (0/4) Lair:2       Spider (2/4) Lair:2        Slime (0/5) Lair:4
    Orc (2/2) D:11            Elf (0/3) Orc:2        Vaults (0/5) D:14
 Depths (0/4) D:15        Gauntlet (visited)

Shops:
D:5 (   D:6 (   D:9 [   D:11 !(   Orc:2 :*[[

Portals:
Abyss: Lair:5
Trove: D:11 (give +2 gold dragon scales)

Annotations:
D:2 1 runed translucent door, Crazy Yiuf
D:11 upsy stairsy shop
D:15 36 runed translucent doors


Innate Abilities, Weirdness & Mutations

You have an increased reservoir of magic. (+10% MP)
You shall have no god before yourself.
Your divine heritage dramatically boosts your attributes as you level up.


Message History

Unknown command.
You hit the demonic crawler but do no damage.
You block the demonic crawler's attack. x3
Unknown command.
You slash the demonic crawler! You freeze the demonic crawler.
The demonic crawler is moderately wounded.
You block the demonic crawler's attack. x3
Unknown command.
You slice the demonic crawler!! You freeze the demonic crawler.
The demonic crawler is severely wounded.
You block the demonic crawler's attack. x4
The demonic crawler completely misses you. x2
You closely miss the demonic crawler.
The demonic crawler is heavily wounded.
You block the demonic crawler's attack. x3
Unknown command.
You hit the demonic crawler but do no damage.
The demonic crawler is moderately wounded.
You block the demonic crawler's attack. x3
The demonic crawler completely misses you.
You block the demonic crawler's attack.
The demonic crawler completely misses you.
You slice the demonic crawler!! You freeze the demonic crawler!
The demonic crawler is severely wounded.
The demonic crawler barely misses you. You block the demonic crawler's attack.
The demonic crawler completely misses you.
Unknown command.
You slash the demonic crawler! You freeze the demonic crawler.
You kill the demonic crawler!
You slice the radroach!! You freeze the radroach.
The radroach is moderately wounded.
You block the radroach's attack. The radroach completely misses you.
Unknown command.
You hit the radroach but do no damage.
The radroach is moderately wounded.
The radroach erupts in a fountain of uncontrolled magic!
You are blasted with magical radiation!!!
* * * LOW HITPOINT WARNING * * *
You are very lightly contaminated with residual magic.
You slash the radroach! You freeze the radroach.
The radroach is heavily wounded.
The radroach erupts in a fountain of uncontrolled magic!
You are blasted with magical radiation!!
* * * LOW HITPOINT WARNING * * *
You are lightly contaminated with residual magic.
You hit the radroach but do no damage.
The radroach is heavily wounded.
The radroach erupts in a fountain of uncontrolled magic!
You are blasted with magical radiation!!
You die...

....... ....... #### .......##
###..### ...^....# ##......##
#....# #..^.....# #### ######.##
#........# . ##...###.....#.#
#.....## !. #.....^.....†#.##
###....)^##...
#.^......^..###@###......)......
#..........## ##B......##.......
#.........#### #..#....#........
##.................###......##...
.................... ##....## ..
.........^..........#........# .
.....†...#####......#........#
.........# #........##......##
........###..........##.#####


You could see a radroach.

Vanquished Creatures
  Rupert (D:12)
  A reaper (Gauntlet)
  A ghost moth (Spider:2)
  Nessos (D:15)
  A minotaur (Gauntlet)
  The ghost of ezpacito the Cleaver, a journeyman DsBe of Trog (D:14)
  Snorg (Lair:3)
  A fire dragon (D:14)
  An entropy weaver (Spider:1)
  3 hydras
  Harold (Lair:2)
  4 vault guards
  Fannar (D:10)
  7 centaur warriors
  26 two-headed ogres
  6 ogre magi
  A radroach (Spider:1)
  5 boulder beetles
  3 tengu warriors
  An orc high priest (Orc:2)
  4 thrashing horrors (Lair:5)
  A deep troll earth mage (D:15)
  Sonja (D:10)
  Nergalle (D:12)
  3 demonic crawlers
  A sixfirhy (Gauntlet)
  3 skeletal warriors (D:8)
  5 skysharks
  4 orb spiders (Spider:2)
  A lindwurm (Lair:5)
  4 deep elf pyromancers
  An orc knight (Orc:2)
  4 cyclopes
  20 ugly things
  Maurice (Orc:1)
  2 orc sorcerers (Orc:1)
  2 moths of wrath
  3 large abominations
  18 elephants
  4 manticores
  12 meliai
  A rust devil (Gauntlet)
  4 black mambas
  10 cane toads
  A gargoyle (D:14)
  An unseen horror (shapeshifter) (Lair:5)
  A cane toad (shapeshifter) (Lair:5)
  2 torpor snails
  4 smoke demons
  2 freezing wraiths (D:14)
  2 unseen horrors
  Psyche (D:8)
  2 rime drakes (Lair:3)
  A kobold demonologist (D:11)
  9 komodo dragons
  3 tengu conjurers (D:15)
  2 queen bees
  A hellwing (Gauntlet)
  3 polar bears
  3 trolls
  A wolf spider simulacrum (D:13)
  A hornet (D:8)
  2 raiju (Lair:5)
  3 tarantellas (Spider:1)
  11 blink frogs
  9 dream sheep
  8 slime creatures
  3 ynoxinuls
  A shadow (D:8)
  8 jumping spiders
  A water elemental (D:13)
  A vampire (D:14)
  2 culicivoras
  15 small abominations
  3 wraiths
  4 wyverns
  Grum (D:10)
  Eustachio (D:5)
  14 redbacks
  15 vampire mosquitoes
  55 yaks
  2 fire elementals (D:14)
  2 wargs
  A human (shapeshifter) (D:13)
  2 steam dragons
  11 basilisks
  A naga (shapeshifter) (D:8)
  Edmund (D:4)
  7 acid dragons
  12 water moccasins
  11 orc warriors
  3 ice beasts
  A sky beast (D:7)
  37 ogres
  2 black bears
  A tengu (shapeshifter) (D:8)
  12 wolves
  23 centaurs
  A phantom (D:6)
  Blork the orc (D:4)
  12 bullfrogs
  2 gnoll sergeants (D:9)
  3 scorpions
  A wight (D:8)
  22 killer bees
  2 howler monkeys
  2 electric eels
  4 crimson imps (D:8)
  3 lava snakes (D:14)
  5 hounds
  7 jellies
  A gnoll bouda (D:8)
  14 orc priests
  2 iron imps (Gauntlet)
  A sleepcap (D:5)
  5 iguanas
  19 orc wizards
  A boggart simulacrum (D:13)
  9 gnolls
  3 adders
  A shadow imp (D:8)
  2 white imps
  5 ufetubi
  4 dart slugs
  2 ribbon worms (D:2)
  76 orcs
  6 ball pythons
  9 bats
  6 endoplasms
  4 giant cockroaches
  8 goblins
  6 hobgoblins
  6 jackals
  3 quokkas
  A frilled lizard (D:2)
  5 kobolds
  4 rats
771 creatures vanquished.

Vanquished Creatures (others)
  A centaur (D:12)
1 creature vanquished.

Grand Total: 772 creatures vanquished

Notes
Turn   | Place    | Note
-------+----------+-------------------------------------------
     0 | D:1      | Sobieck the Demigod Gladiator began the quest for the Orb.
     0 | D:1      | Reached XP level 1. HP: 17/17 MP: 3/3
    49 | D:1      | Reached skill level 2 in Fighting
    99 | D:1      | Reached XP level 2. HP: 19/24 MP: 4/4
   211 | D:1      | Reached skill level 3 in Long Blades
   259 | D:1      | Reached skill level 3 in Dodging
   703 | D:2      | Reached XP level 3. HP: 30/30 MP: 5/5
  1040 | D:2      | Reached skill level 3 in Fighting
  1040 | D:2      | Reached XP level 4. HP: 38/38 MP: 6/6
  1286 | D:2      | Found a runed translucent door.
  1287 | D:2      | Noticed Crazy Yiuf
  2562 | D:4      | Noticed a phantom
  2685 | D:4      | Reached XP level 5. HP: 45/45 MP: 7/7
  2688 | D:4      | Noticed a black bear
  2760 | D:3      | Killed a black bear
  2905 | D:3      | Reached XP level 6. HP: 48/51 MP: 8/8
  2995 | D:4      | Noticed Edmund
  3052 | D:4      | Reached skill level 6 in Long Blades
  3145 | D:4      | Found a staircase to the Ecumenical Temple.
  3371 | D:5      | Entered Level 5 of the Dungeon
  3602 | D:5      | Noticed a yak
  3613 | D:5      | Reached XP level 7. HP: 45/57 MP: 9/9
  3734 | D:5      | Killed a yak
  3804 | D:4      | Identified a scroll of acquirement
  3804 | D:4      | Acquired 926 gold pieces
  4224 | D:5      | Noticed Eustachio
  4248 | D:5      | Killed Eustachio
  4249 | D:5      | Reached skill level 9 in Long Blades
  4249 | D:5      | Reached XP level 8. HP: 18/63 MP: 10/10
  4535 | D:5      | Found Betod's Weapon Boutique.
  4629 | D:5      | Bought the +0 scimitar of Rukeemargh {freeze, Dex+2} for
                  | 220 gold pieces
  5125 | D:6      | Got the Discourse on Compounds
  5223 | D:6      | Found Imogud's Antique Weapon Boutique.
  5929 | D:7      | Reached skill level 4 in Fighting
  6169 | D:7      | Identified the +7 trident of the Pillar {spect, *Slow rElec
                  | rPois rC+}
  6477 | D:7      | Reached XP level 9. HP: 72/72 MP: 11/11
  7114 | D:4      | Noticed Blork the orc
  7124 | D:4      | Killed Blork the orc
  7282 | D:4      | Killed Edmund
  7283 | D:4      | Reached skill level 5 in Fighting
  7410 | D:8      | Found a staircase to the Lair.
  7422 | D:8      | Noticed Psyche
  7429 | D:8      | Killed Psyche
  7885 | D:8      | Found a runed translucent door.
  7885 | D:8      | Found a runed translucent door.
  7885 | D:8      | Noticed a centaur warrior
  7940 | D:8      | Noticed a skeletal warrior
  7943 | D:8      | Noticed a skeletal warrior
  8018 | Lair:1   | Entered Level 1 of the Lair of Beasts
  8263 | Lair:1   | Reached skill level 6 in Fighting
  8311 | Lair:1   | Noticed a komodo dragon
  8313 | Lair:1   | Noticed a torpor snail
  8319 | Lair:1   | Reached skill level 6 in Dodging
  8329 | Lair:1   | Reached XP level 10. HP: 55/83 MP: 13/13
  8345 | Lair:1   | Killed a torpor snail
  8357 | Lair:1   | Reached skill level 12 in Long Blades
  8630 | Lair:1   | Identified the +0 robe of the Orb {rElec}
  8723 | Lair:1   | Noticed a boulder beetle
  8887 | Lair:1   | Killed a boulder beetle
  9124 | Lair:1   | Reached skill level 7 in Fighting
  9558 | Lair:1   | Noticed a fire dragon
  9632 | Lair:2   | Found a hole to the Spider Nest.
  9828 | Lair:2   | Found a staircase to the Shoals.
 10073 | Lair:2   | Reached skill level 8 in Fighting
 10073 | Lair:2   | Reached XP level 11. HP: 95/95 MP: 14/14
 10074 | Lair:2   | Reached skill level 9 in Fighting
 10074 | Lair:2   | Reached skill level 9 in Dodging
 10074 | Lair:2   | Reached XP level 12. HP: 106/106 MP: 15/15
 10214 | Lair:2   | Noticed Harold
 10228 | Lair:2   | Reached skill level 1 in Armour
 10241 | Lair:2   | Killed Harold
 10242 | Lair:2   | Reached skill level 10 in Fighting
 10242 | Lair:2   | Reached XP level 13. HP: 111/113 MP: 16/16
 11092 | Lair:2   | Reached skill level 3 in Armour
 12407 | Lair:3   | Reached skill level 11 in Fighting
 12556 | Lair:3   | Noticed Snorg
 12566 | Lair:3   | Killed Snorg
 13255 | Lair:4   | Reached skill level 12 in Fighting
 13411 | Lair:4   | Found a staircase to the Slime Pits.
 14111 | Lair:5   | Entered Level 5 of the Lair of Beasts
 15050 | Lair:5   | Reached XP level 14. HP: 117/127 MP: 17/17
 15151 | Lair:5   | Reached skill level 6 in Armour
 15430 | Lair:5   | Reached skill level 12 in Dodging
 15529 | Lair:5   | Reached skill level 13 in Fighting
 16927 | Lair:5   | Found a one-way gate to the infinite horrors of the Abyss.
 18194 | D:8      | Reached skill level 14 in Fighting
 18819 | D:9      | Found Hent's Armour Shop.
 18829 | D:9      | Bought a +0 cloak of willpower for 184 gold pieces
 19081 | D:10     | Entered Level 10 of the Dungeon
 19223 | D:10     | Noticed Sonja
 19254 | D:10     | Killed Sonja
 19263 | D:10     | Noticed Fannar
 19336 | D:10     | Killed Fannar
 19576 | D:10     | Noticed Grum
 19585 | D:10     | Killed Grum
 20218 | D:11     | Found Zaapsaoc's Distillery.
 20360 | D:11     | Found a staircase to the Orcish Mines.
 20524 | D:11     | Found Ywoonnu's Antique Weapon Boutique.
 20836 | D:11     | Found a portal to a secret trove of treasure.
 21257 | D:12     | Noticed Nergalle
 21270 | D:12     | Killed Nergalle
 21468 | D:12     | Noticed Rupert
 21480 | D:12     | Killed Rupert
 22268 | D:13     | Reached XP level 15. HP: 106/139 MP: 18/18
 22841 | D:13     | Reached skill level 15 in Fighting
 22937 | D:13     | You fall into a shaft and drop 1 floor!
 23977 | D:14     | Found a gate to the Vaults.
 24329 | D:14     | Found a runed translucent door.
 24329 | D:14     | Noticed ezpacito's ghost (journeyman DsBe)
 24329 | D:14     | Found the +10 tower shield of Ignorance {rN+ Int-4}
 24785 | D:14     | Reached skill level 15 in Dodging
 25342 | D:14     | Killed ezpacito's ghost
 25343 | D:14     | Reached skill level 1 in Shields
 25508 | D:12     | Reached skill level 16 in Fighting
 25545 | D:15     | Entered Level 15 of the Dungeon
 25763 | D:15     | Found a huge runed translucent gate.
 25763 | D:15     | Found a huge runed translucent gate.
 25772 | D:15     | Found a staircase to the Depths.
 25793 | D:15     | Found a huge runed translucent gate.
 25793 | D:15     | Found a huge runed translucent gate.
 25793 | D:15     | Found a huge runed translucent gate.
 25793 | D:15     | Found a huge runed translucent gate.
 25883 | D:15     | Reached skill level 3 in Shields
 26063 | D:15     | Noticed Nessos
 26073 | D:15     | Killed Nessos
 26284 | D:15     | Found a huge runed translucent gate.
 26284 | D:15     | Found a huge runed translucent gate.
 26286 | D:15     | Found a huge runed translucent gate.
 26286 | D:15     | Found a huge runed translucent gate.
 26286 | D:15     | Found a huge runed translucent gate.
 26286 | D:15     | Found a huge runed translucent gate.
 26286 | D:15     | Found a huge runed translucent gate.
 26286 | D:15     | Found a huge runed translucent gate.
 26286 | D:15     | Found a huge runed translucent gate.
 26288 | D:15     | Found a huge runed translucent gate.
 26288 | D:15     | Found a huge runed translucent gate.
 26289 | D:15     | Found a huge runed translucent gate.
 26289 | D:15     | Found a huge runed translucent gate.
 26295 | D:15     | Found a huge runed translucent gate.
 26296 | D:15     | Found a huge runed translucent gate.
 26297 | D:15     | Found a huge runed translucent gate.
 26297 | D:15     | Found a huge runed translucent gate.
 26299 | D:15     | Found a huge runed translucent gate.
 26300 | D:15     | Found a huge runed translucent gate.
 26301 | D:15     | Found a huge runed translucent gate.
 26302 | D:15     | Found a huge runed translucent gate.
 26302 | D:15     | Found a huge runed translucent gate.
 26306 | D:15     | Found a huge runed translucent gate.
 26307 | D:15     | Found a huge runed translucent gate.
 26308 | D:15     | Found a huge runed translucent gate.
 26309 | D:15     | Found a huge runed translucent gate.
 26310 | D:15     | Found a huge runed translucent gate.
 26311 | D:15     | Found a huge runed translucent gate.
 26312 | D:15     | Found a huge runed translucent gate.
 26319 | D:15     | Found a huge runed translucent gate.
 26709 | Orc:1    | Entered Level 1 of the Orcish Mines
 27046 | Orc:2    | Entered Level 2 of the Orcish Mines
 27063 | Orc:2    | Found a gate leading to a gauntlet.
 27075 | Gauntlet | Entered a Gauntlet
 27075 | Gauntlet | Found a transporter.
 27080 | Gauntlet | Found a transporter.
 27084 | Gauntlet | Found a transporter.
 27093 | Gauntlet | Found a transporter.
 27096 | Gauntlet | Found a transporter.
 27105 | Gauntlet | Found a transporter.
 27108 | Gauntlet | Found a transporter.
 27114 | Gauntlet | Found a runed translucent gate.
 27116 | Gauntlet | Found a transporter.
 27117 | Gauntlet | Found a runed translucent gate.
 27118 | Gauntlet | Found a runed translucent gate.
 27120 | Gauntlet | Found a transporter.
 27128 | Gauntlet | Found a transporter.
 27150 | Gauntlet | Found a transporter.
 27162 | Gauntlet | Found a transporter.
 27174 | Gauntlet | Found a transporter.
 27186 | Gauntlet | Found a transporter.
 27415 | Gauntlet | Reached skill level 17 in Fighting
 27662 | Orc:2    | Reached XP level 16. HP: 155/155 MP: 19/19
 27762 | Orc:1    | Noticed Maurice
 27878 | Orc:1    | Something stole 14 boomerangs
 27900 | Orc:1    | Something stole a ring of fire
 27906 | Orc:1    | Killed Maurice
 28108 | Orc:2    | Found Aleth's Armour Shop.
 28108 | Orc:2    | Found Turaone's Antique Armour Shoppe.
 28109 | Orc:2    | Found Vuttujeg's Book Emporium.
 28109 | Orc:2    | Found Yduw's Assorted Antiques.
 28135 | Orc:2    | Reached skill level 18 in Fighting
 28162 | Orc:2    | Found a staircase to the Elven Halls.
 28469 | Orc:2    | Bought a runed copper ring for 135 gold pieces
 28469 | Orc:2    | Bought a crude turquoise ring for 135 gold pieces
 28469 | Orc:2    | Identified the ring "Ukomneom" {Wiz Int+4 Stlth+} (You
                  | bought it in a shop on level 2 of the Orcish Mines)
 28469 | Orc:2    | Bought a potion of haste for 270 gold pieces
 28623 | D:11     | Bought a potion of enlightenment for 70 gold pieces
 28764 | Spider:1 | Entered Level 1 of the Spider Nest
 30029 | Spider:2 | Mangled by a radroach

Illustrated notes

Levels and vault maps discovered:
D:1:      minmay_arrival_doors, layout_rooms, corexii_hall_statues_i
D:2:      layout_basic, ebering_ecumenical_altar_petrified,
          ebering_dispersal_statue_hall, uniq_crazy_yiuf_cottage
D:3:      layout_loops_corners, wad_floor_pattern_2, minmay_misc_feat_pillars
D:4:      layout_cave_pools, nicolae_sif_muna_little_library, temple_green,
          uniq_blork_the_orc, uniq_edmund
D:5:      minmay_chambers_of_fours, layout_basic, corexii_shack,
          roderic_nine_men_s_morris, minmay_holes, st_stairs_5,
          nicolae_wooded_promenade, uniq_eustachio
D:6:      layout_cave_pods, serial_shops, shop
D:7:      layout_loops_corners, chequers_temple_overflow_minitemple,
          chequers_temple_overflow_statue_of_worship, serial_aquarium,
          aquarium_bridge_square [aquarium_subvault_wall,
          aquarium_subvault_bridge, aquarium_subvault_bridge,
          aquarium_subvault_wall], aquarium_window_2, aquarium_window_1,
          aquarium_window_2, aquarium_window_2, aquarium_view_2a,
          aquarium_balcony_5b
D:8:      minmay_the_grid_four_pointed_star
          [minmay_the_grid_triangle_9x9_tough_junction,
          minmay_the_grid_triangle_9x9_impossible_snake,
          minmay_the_grid_triangle_9x9_dagger,
          minmay_the_grid_triangle_9x9_negative_grid,
          minmay_the_grid_prize_four_corners], layout_rooms, led_xom_imps,
          uniq_psyche
D:9:      layout_roguey, nicolae_gozag_seed_capital, nzn_wu_jian_contemplation,
          lemuel_tele_altar, serial_shops, nicolae_shop_tiny_statue_garden
D:10:     layout_basic, serial_curves, eino_curves_01, eino_curves_04,
          minmay_misc_feat_diagonals, uniq_fannar, uniq_sonja, uniq_grum
D:11:     layout_basic, minmay_orc_entry_temple_small, serial_shops, shop,
          enter_trove_0, nicolae_take_the_stairs
D:12:     layout_stronghold, serial_glass, glass_columns_c, glass_columns_c,
          kennysheep_generic_room_15, uniq_nergalle, uniq_rupert
D:13:     layout_irregular_city, serial_ice, serial_ice_j, serial_ice_e,
          serial_ice_h, serial_ice_a, serial_ice_o, serial_ice_c
D:14:     layout_basic, lightli_vaults_fourway_checkpoint, kennysheep_boxes,
          ebering_ghost_inner_flame
D:15:     hellmonk_depths_entry_around_the_bend, layout_loops_ring,
          minmay_misc_feat_encased, door_vault, uniq_nessos
Lair:1:   dragon1_lemuel, layout_regular_city, chequers_serial_rivers_large_b
Lair:2:   layout_regular_city, elwin_shoals_entry_rocks,
          spider_nest_entry_web_field, uniq_harold
Lair:3:   layout_loops_ring, grunt_forest_small_clearings, uniq_snorg
Lair:4:   layout_roguey, minmay_slime_entry_pillars, special_room
          [special_room_bee]
Lair:5:   hellmonk_lair_end_abyssal_woods, layout_hall_layers,
          serial_bayou_lagoon_a
Spider:1: layout_spider_delve
Spider:2: layout_cave_pods, nicolae_spider_moth_buddies
Orc:1:    layout_caves, minmay_orc_keep, uniq_maurice
Orc:2:    st_orc_ogre_mass, layout_caves, gauntlet_entry_generic

Skill      XL: |  1  2  3  4  5  6  7  8  9 10 11 12 13 14 15 16 |
---------------+-------------------------------------------------+-----
Fighting       | 2 3 4 6 8 9 10 12 14 17 18 | 18.9
Long Blades    | 3 4 5 7 9 10 11 13 14 | 14.0
Dodging        | 3 4 6 8 9 11 14 15 | 15.0
Armour         | 1 5 6 |  6.0
Shields        | 5 |  5.0
Throwing       | |  1.7

Action                     |  1- 3 |  4- 6 |  7- 9 | 10-12 | 13-15 | 16-18 || total
---------------------------+-------+-------+-------+-------+-------+-------++-------
  Melee: Long sword        |    87 |    84 |       |       |       |       ||   171
         Punch             |     3 |     1 |     5 |     1 |    37 |       ||    47
         Falchion          |       |    30 |    72 |       |    21 |       ||   123
         Scimitar          |       |       |   183 |   156 |  1909 |   408 ||  2656
   Fire: Sling             |    59 |    53 |       |       |       |       ||   112
  Throw: Javelin           |       |     1 |       |       |       |       ||     1
         Boomerang         |       |     2 |    69 |    20 |   190 |    21 ||   302
         Stone             |       |       |     6 |       |       |       ||     6
         Throwing net      |       |       |     1 |       |       |       ||     1
  Evoke: Wand              |       |       |       |       |     2 |       ||     2
    Use: Scroll            |     3 |     3 |     7 |     2 |    15 |       ||    30
         Potion            |       |       |     2 |     4 |     6 |       ||    12
   Stab: Sleeping          |       |     1 |     5 |       |    16 |     2 ||    24
         Held in net/web   |       |       |     1 |       |       |       ||     1
         Distracted        |       |       |     2 |       |     6 |     5 ||    13
         Invisible         |       |       |       |       |     5 |       ||     5
 Armour: Leather armour    |    67 |    49 |   110 |    41 |   483 |       ||   750
         Skin              |       |       |       |    11 |       |       ||    11
         Troll leather arm |       |       |       |       |    48 |    63 ||   111
  Dodge: Dodged            |    78 |    80 |   143 |    63 |  1407 |   171 ||  1942
  Block: Other             |     5 |    25 |    51 |    26 |   261 |       ||   368
         Reflection        |       |       |     2 |       |    17 |     4 ||    23
         Tower shield      |       |       |       |       |   640 |   749 ||  1389
         Buckler           |       |       |       |       |     4 |       ||     4
